 Dungeon Crawl Stone Soup version 0.22-a0-398-g8bb545f033 (webtiles) character file.

3006 Chiseanne the Skirmisher (level 9, 0/71 HPs)
             Began as a Merfolk Wanderer on May 5, 2018.
             Was a Believer of Okawaru.
             Slain by a hippogriff (2 damage)
             ... on level 7 of the Dungeon.
             The game lasted 00:30:36 (9126 turns).

Chiseanne the Skirmisher (Merfolk Wanderer)         Turns: 9126, Time: 00:30:36

Health: 0/71       AC: 10    Str: 12    XL:     9   Next: 84%
Magic:  18/20      EV: 14    Int: 16    God:    Okawaru [**....]
Gold:   294        SH:  0    Dex: 12    Spells: 10/10 levels left

rFire    + . .     SeeInvis .   a - +2 hand axe (freeze)
rCold    . . .     Gourm    .   (no shield)
rNeg     . . .     Faith    .   h - +0 ring mail {rF+}
rPois    .         Spirit   .   G - +0 helmet
rElec    .         Reflect  .   (no cloak)
rCorr    .         Harm     .   z - +0 pair of gloves
MR       .....                  (no boots)
Stlth    ++........             (no amulet)
HPRegen  0.21/turn              f - ring of magical power
MPRegen  0.17/turn              (no ring)

@: heroism
A: change form in water, swift swim, stealthy swim
a: Heroism, Renounce Religion


You were on level 7 of the Dungeon.
You worshipped Okawaru.
Okawaru was pleased with you.
You were not hungry.

You visited 1 branch of the dungeon, and saw 7 of its levels.

You collected 294 gold pieces.

Inventory:

Hand Weapons
 a - a +2 hand axe of freezing (weapon)
 e - a +2 blowgun
 q - a +0 hunting sling
 s - a +1 mace of protection
 w - a +0 hand crossbow
Missiles
 d - 18 bolts
 l - 257 stones
 o - 6 tomahawks
 p - 3 steel javelins
 r - 47 arrows
 x - 3 javelins of penetration (quivered)
 A - 73 sling bullets
 B - 38 poisoned needles
Armour
 h - a +0 ring mail of fire resistance (worn)
 z - a +0 pair of gloves (worn)
 G - a +0 helmet (worn)
 K - a +0 buckler
Magical Staves
 j - an uncursed staff of air
Jewellery
 f - a ring of magical power (left hand)
 k - an uncursed ring of fire
Wands
 t - a wand of polymorph (13)
 u - a wand of enslavement (8)
 H - a wand of digging (10)
 L - a wand of flame (13)
Scrolls
 b - 2 scrolls of remove curse
 m - 12 scrolls of teleportation
 v - 2 scrolls of magic mapping
 C - a scroll of identify
Potions
 i - a potion of mutation
 n - 2 potions of flight
 D - a potion of curing
Comestibles
 c - 3 chunks of flesh
 g - 14 rations


   Skills:
 - Level 6.6(11.6) Fighting
 * Level 2.0(7.0) Axes
 * Level 6.1(11.1) Crossbows
 - Level 5.8(10.8) Throwing
 * Level 4.8(9.8) Armour
 - Level 2.5(7.5) Dodging
 - Level 1.1(6.1) Stealth
 - Level 1.0 Spellcasting
   Level 1.5 Earth Magic
 * Level 3.1 Invocations


You had 10 spell levels left.
You didn't know any spells.

Dungeon Overview and Level Annotations

Branches:
Dungeon (7/15)             Temple (0/1) D:7

Altars:
Cheibriados
Makhleb
Okawaru
Ru
Uskayaw
Xom
Yredelemnul

Annotations:
D:4 Execuda's ghost, novice HOBe
D:6 Emanloe's ghost, novice MiCK


Message History

* * * LOW HITPOINT WARNING * * *
The hippogriff closely misses you.
You closely miss the hippogriff. You punch the hippogriff.
The hippogriff is severely wounded.
The hippogriff closely misses you. The hippogriff pecks you.
* * * LOW HITPOINT WARNING * * *
The hippogriff barely misses you.
You feel better. The hippogriff bites you.
* * * LOW HITPOINT WARNING * * *
The hippogriff closely misses you. The hippogriff completely misses you.
You feel better. The hippogriff bites you.
* * * LOW HITPOINT WARNING * * *
The hippogriff barely misses you. The hippogriff closely misses you.
You slash the hippogriff! You freeze the hippogriff.
The hippogriff is almost dead.
The hippogriff bites you but does no damage.
The hippogriff pecks you.
* * * LOW HITPOINT WARNING * * *
The hippogriff claws you.
You die...

########..###.##.# #.#
..........<...##.# #.#
########..######.##
#.# #####..#
##...###.# ##...#..#
#........# ##.......#
#....##### #........#
#.#.##
...........####.#.####
###........@H......[.#
##.[.....####.####.#
######### ### #†##
#.†# ##.## ♣♣####..#
♣♣.....#.##
♣.........#
♣...≈y≈....#


You could see a hippogriff.

Vanquished Creatures
  Pikel (D:6)
  Eustachio (D:5)
  Menkaure (D:5)
  A sky beast (D:2)
  2 ice beasts
  5 ogres
  4 bullfrogs
  A water moccasin skeleton (D:7)
  5 crimson imps
  A bullfrog zombie (D:7)
  4 hounds
  7 orc wizards
  4 orc priests
  A jelly (D:6)
  3 iguanas
  Ijyb (D:5)
  Natasha (thrice) (D:3)
  A worker ant (D:5)
  A hound skeleton (D:6)
  A hound zombie (D:7)
  8 gnolls
  10 adders
  A shadow imp (D:5)
  3 oozes
  An adder zombie (D:5)
  A worm (D:2)
  2 dart slugs (D:1)
  2 leopard geckos
  33 orcs
  5 bats
  8 giant cockroaches
  13 goblins
  9 hobgoblins
  4 jackals
  6 ball pythons
  10 frilled lizards
  2 jackal skeletons
  12 kobolds
  A leopard gecko skeleton (D:2)
  A quokka skeleton (D:4)
  5 rats
185 creatures vanquished.

Vanquished Creatures (collateral kills)
  3 killer bees (D:7)
  An adder (D:4)
4 creatures vanquished.

Vanquished Creatures (others)
  2 killer bees (D:7)
2 creatures vanquished.

Grand Total: 191 creatures vanquished

Notes
Turn   | Place    | Note
-------+----------+-------------------------------------------
     0 | D:1      | Chiseanne the Merfolk Wanderer began the quest for the Orb.
     0 | D:1      | Chiseanne set off with: 4 curare-tipped needles, a +2 blowgun, a +0 hand crossbow, 27 bolts, a potion of curing, a +0 robe, a ration
     0 | D:1      | Reached XP level 1. HP: 15/15 MP: 2/2
   132 | D:1      | Reached skill level 1 in Dodging
   132 | D:1      | Reached XP level 2. HP: 16/21 MP: 3/3
   425 | D:1      | Reached XP level 3. HP: 27/27 MP: 4/4
   958 | D:2      | Reached XP level 4. HP: 33/33 MP: 5/5
  1687 | D:2      | Noticed a sky beast
  1721 | D:2      | Killed a sky beast
  1721 | D:2      | Reached XP level 5. HP: 33/41 MP: 6/6
  1817 | D:2      | Found a burning altar of Makhleb.
  2113 | D:3      | Reached XP level 6. HP: 15/47 MP: 7/7
  2333 | D:3      | Noticed Natasha
  2419 | D:3      | Killed Natasha
  2598 | D:3      | Noticed Natasha
  2599 | D:3      | Killed Natasha
  2868 | D:3      | Noticed Natasha
  2875 | D:3      | Killed Natasha
  3270 | D:3      | Found an iron altar of Okawaru.
  3276 | D:3      | Reached XP level 7. HP: 41/53 MP: 8/8
  3289 | D:3      | Became a worshipper of Warmaster Okawaru
  3692 | D:4      | Found a sacrificial altar of Ru.
  3713 | D:4      | Noticed Execuda's ghost (novice HOBe)
  4707 | D:5      | Entered Level 5 of the Dungeon
  4732 | D:5      | Reached * piety under Okawaru
  4732 | D:5      | Reached XP level 8. HP: 53/61 MP: 9/9
  4765 | D:5      | Noticed Ijyb
  4766 | D:5      | Paralysed by Ijyb for 6 turns
  4787 | D:5      | Killed Ijyb
  4995 | D:5      | Noticed Menkaure
  5003 | D:5      | Killed Menkaure
  5003 | D:5      | Reached skill level 5 in Fighting
  5734 | D:5      | Found a hide-covered altar of Uskayaw.
  5736 | D:5      | Found a basalt altar of Yredelemnul.
  5759 | D:5      | Noticed Eustachio
  5778 | D:5      | Killed Eustachio
  5911 | D:5      | Reached skill level 5 in Throwing
  6189 | D:5      | Found a shimmering altar of Xom.
  6356 | D:5      | Reached skill level 5 in Crossbows
  6857 | D:6      | Found a snail-covered altar of Cheibriados.
  6863 | D:6      | Reached ** piety under Okawaru
  6863 | D:6      | Reached XP level 9. HP: 67/69 MP: 10/10
  7166 | D:6      | Noticed Emanloe's ghost (novice MiCK)
  7684 | D:7      | Reached skill level 1 in Invocations
  8016 | D:7      | Found a staircase to the Ecumenical Temple.
  8528 | D:6      | Noticed Pikel
  8547 | D:6      | Killed Pikel
  8547 | D:6      | Reached skill level 1 in Axes
  9123 | D:7      | HP: 1/71 [hippogriff (4)]
  9126 | D:7      | Slain by a hippogriff

Vault maps used:
D:1:      minmay_arrival_nine_rooms, minmay_hexomino_p4
D:2:      lemuel_coloured_pillars_altar, first_ration, st_stairs_5,
          minmay_shallow_snake_nest
D:3:      okawaru_altar_gauntlet_db, st_stairs_8, uniq_natasha
D:4:      corexii_shack_village, nicolae_ru_great_annihilating_truth,
          uniq_edmund, uniq_sigmund
D:5:      led_xom_imps, amethyst_overflow_temple_binary, uniq_menkaure,
          uniq_eustachio, uniq_ijyb
D:6:      basic_altar, uniq_pikel
D:7:      nicolae_overflow_hidden_temple, temple_hall, elyvilon_altar_3

Skill      XL: |  1  2  3  4  5  6  7  8  9 |
---------------+----------------------------+-----
Dodging        | 1 2 |  2.5
Fighting       | 2 3 4 6 |  6.6
Throwing       | 2 3 4 5 |  5.8
Crossbows      | 3 4 5 6 |  6.1
Armour         | 2 3 4 |  4.8
Invocations    | 3 |  3.1
Axes           | 2 |  2.0
Stealth        | |  1.1
Spellcasting   | |  1.0
Earth Magic    | |  1.5

Action                   |  1- 3 |  4- 6 |  7- 9 || total
-------------------------+-------+-------+-------++-------
Melee: Hand axe          |       |    74 |   348 ||   422
       Punch             |       |       |     2 ||     2
 Fire: Hand crossbow     |    55 |    87 |   103 ||   245
       Blowgun           |       |     8 |    35 ||    43
       Hunting sling     |       |       |    36 ||    36
Throw: Javelin           |       |    12 |     3 ||    15
       Stone             |       |     2 |     5 ||     7
Invok: Heroism           |       |       |     6 ||     6
Evoke: Wand              |       |       |    23 ||    23
  Use: Scroll            |     5 |     1 |     7 ||    13
       Potion            |       |       |     6 ||     6
 Stab: Sleeping          |       |     1 |       ||     1
       Invisible         |       |       |     5 ||     5
  Eat: Chunk             |       |     7 |    13 ||    20
       Ration            |       |       |     2 ||     2
Armor: Ring mail         |       |    52 |   175 ||   227
       Leather armour    |       |     5 |       ||     5
       Skin              |       |       |    10 ||    10
Dodge: Dodged            |     9 |    87 |   270 ||   366

Table legend:
 A = Spawn XP
 B = Non-spawn XP
 C = Spawn XP percentage of total XP
 D = Spawn monster count
 E = Non-spawn monster count
 F = Spawn count percentage of total count
 G = Total turns spent on level
                    A         B        C        D         E        F      G
               +---------+---------+-------+---------+---------+-------+---------
         Total |       0 |    4295 |   0.0 |       0 |     189 |   0.0 |  9126
               +---------+---------+-------+---------+---------+-------+---------
           D:1 |       0 |      45 |   0.0 |       0 |      22 |   0.0 |   795
           D:2 |       0 |     236 |   0.0 |       0 |      28 |   0.0 |  1215
           D:3 |       0 |     394 |   0.0 |       0 |      48 |   0.0 |  1781
           D:4 |       0 |     436 |   0.0 |       0 |      34 |   0.0 |  1021
           D:5 |       0 |    1025 |   0.0 |       0 |      20 |   0.0 |  1941
           D:6 |       0 |    1289 |   0.0 |       0 |      16 |   0.0 |  1016
           D:7 |       0 |     870 |   0.0 |       0 |      21 |   0.0 |  1357
               +---------+---------+-------+---------+---------+-------+---------
